 Dungeon Crawl Stone Soup version 0.31-a0-876-gfe8ebadbca (webtiles) character file.

Game seed: 10903611668933071346

235 SmokeWeed the Trooper (level 6, -1/43 HPs)
             Began as an Octopode Fighter on Oct 13, 2023.
             Succumbed to a scorpion's poison
             ... on level 4 of the Dungeon.
             The game lasted 00:05:25 (3183 turns).

SmokeWeed the Trooper (Octopode Fighter)            Turns: 3183, Time: 00:05:26

Health: -1/43      AC:  1    Str: 15    XL:     6   Next: 6%
Magic:  6/6        EV: 14    Int: 10    God:
Gold:   197        SH:  5    Dex: 14    Spells: 4/5 levels left

rFire   . . .        a - +0 rapier
rCold   . . .        b - +0 buckler
rNeg    . . .        (helmet restricted)
rPois   .            (no amulet)
rElec   .            (no ring)
rCorr   .            (no ring)
SInv    .            (no ring)
Will    .....        (no ring)
Stlth   +++          (no ring)
HPRegen 0.27/turn    (no ring)
MPRegen 0.10/turn    (no ring)
                     (no ring)

%: no passive effects
@: lethally poisoned (-1 -> -3)
A: almost no armour, amphibious, 8 rings, camouflage 1, gelatinous body 1,
(nimble swimmer 1), tentacles
a: no special abilities


You were on level 4 of the Dungeon.
You visited 1 branch of the dungeon, and saw 4 of its levels.

You collected 197 gold pieces.

Inventory:

Hand Weapons
 a - a +0 rapier (weapon)
 j - a +0 sling of draining
 m - the +3 spear of Reason {venom, Int+3}
   (You found it on level 2 of the Dungeon)

   Int+3:     It affects your intelligence (+3).
Missiles
 h - a throwing net
 n - 26 stones
Armour
 b - a +0 buckler (worn)
Magical Staves
 i - a staff of cold
Jewellery
 u - a +6 ring of dexterity
Wands
 o - a wand of flame (13)
Scrolls
 d - 5 scrolls of teleportation {unknown}
 e - 4 scrolls of noise {unknown}
 g - 2 scrolls of identify {unknown}
 l - a scroll of blinking {unknown}
 r - a scroll of vulnerability {unknown}
 t - a scroll of revelation {unknown}
 v - a scroll of enchant weapon {unknown}
 w - a scroll of brand weapon {unknown}
Potions
 c - a potion of might
 f - 2 potions of berserk rage {unknown}
 k - a potion of curing {unknown}
 p - a potion of heal wounds {unknown}
 q - a potion of enlightenment {unknown}
 s - a potion of magic {unknown}


   Skills:
 + Level 4.0 Fighting
 + Level 2.5 Short Blades
 + Level 0.3 Polearms
 + Level 2.4 Ranged Weapons
 + Level 3.9 Dodging
 + Level 2.5 Stealth
 + Level 3.5 Shields


You had 4 spell levels left.
You knew the following spells:

 Your Spells              Type           Power      Damage    Failure   Level
a - Freeze                Ice            0%         1d3       45%         1

Your spell library contained the following spells:

 Spells                   Type           Power      Damage    Failure   Level
 Lesser Beckoning         Tloc           0%         N/A       58%         2
 Frozen Ramparts          Ice            0%         1d1       83%         3
 Gell's Gravitas          Tloc           0%         N/A       83%         3
 Hailstorm                Conj/Ice       0%         3d3       83%         3
 Teleport Other           Tloc           0%         N/A       83%         3


Dungeon Overview and Level Annotations

Branches:
Dungeon (4/15)
 Temple: D:4-7

Altars:
Makhleb
Vehumet

Shops:
D:4 *


Innate Abilities, Weirdness & Mutations

You cannot wear most types of armour.
You are amphibious.
You can wear up to eight rings at the same time.
Your skin changes colour to match your surroundings (Stealth+).
Your rubbery body absorbs attacks. (AC +1, EV +1)
((You are camouflaged when in or above water. (Stealth+)))
You have tentacles for arms and can constrict up to eight enemies at once.


Message History

The sling bullet hits the scorpion but does no damage.
You drain the scorpion.
The scorpion is heavily wounded.
You feel sick. The scorpion stings you.
You are more poisoned.
The scorpion poisons you! The scorpion misses you.
a - a +0 rapier (weapon)
You feel sick. The scorpion stings you.
You closely miss the scorpion. Your grab misses the scorpion.
The scorpion is heavily wounded.
You feel very sick. The scorpion closely misses you.
You hit the scorpion but do no damage. You grab the scorpion.
The scorpion is heavily wounded.
You constrict the scorpion.
You feel sick. The scorpion stings you.
* * * LOW HITPOINT WARNING * * *
You hit the scorpion but do no damage. You squeeze the scorpion.
The scorpion is heavily wounded.
You constrict the scorpion.
* * * LOW HITPOINT WARNING * * *
You feel sick. You block the scorpion's attack. x2
You completely miss the scorpion.
The scorpion is heavily wounded.
You constrict the scorpion, but do no damage.
* * * LOW HITPOINT WARNING * * *
You feel sick. You block the scorpion's attack.
You hit the scorpion.
The scorpion is severely wounded.
You constrict the scorpion.
* * * LOW HITPOINT WARNING * * *
You feel sick. The scorpion barely misses you. The scorpion closely misses you.
You hit the scorpion but do no damage.
The scorpion is severely wounded.
You constrict the scorpion.
* * * LOW HITPOINT WARNING * * *
You feel sick.
The scorpion stings you but does no damage.
You hit the scorpion.
You kill the scorpion!
You die...

###### ## ... ..# #. #.#
#.#. .#### #.#
#.#########
.....###.#####.........#
.........##..........#.#
##.P.P..........##.#.#
#...∩@.......##.##.#.#
......PP.##.##.##.##.#.#
.##$...:.##.##.##.##.#.#
##..#..##.##.##.##.#.#
#.##..##.##....##.#.#
... ...##.#####.##.#.#
### ##.###.# #.##.#.#
#.# #.# #.##.#.# #.
##.##.#.#


There were no monsters in sight!

Vanquished Creatures
  A scorpion (D:4)
  3 orc priests (D:3)
  An iguana (D:4)
  4 adders (D:2)
  A worm (D:2)
  A dart slug (D:1)
  11 orcs (D:3)
  5 ball pythons
  8 endoplasms
  2 giant cockroaches
  5 goblins
  10 hobgoblins
  A quokka (D:4)
  5 bats
  5 frilled lizards
  3 kobolds
  3 rats (D:1)
69 creatures vanquished.

Notes
Turn   | Place    | Note
-------+----------+-------------------------------------------
     0 | D:1      | SmokeWeed the Octopode Fighter began the quest for the Orb.
     0 | D:1      | Reached XP level 1. HP: 16/16 MP: 1/1
   159 | D:1      | Reached XP level 2. HP: 21/21 MP: 2/2
   577 | D:1      | Found a faded altar of an unknown god.
   916 | D:2      | Reached XP level 3. HP: 22/26 MP: 3/3
  1162 | D:2      | Reached skill level 1 in Stealth
  1318 | D:2      | Identified the +3 spear of Reason {venom, Int+3}
  1401 | D:2      | Learned a level 1 spell: Freeze
  1621 | D:2      | Reached XP level 4. HP: 28/33 MP: 4/4
  1958 | D:2      | Identified the +4 leather armour of Hairy Intercession
                  | {Harm rF+}
  2003 | D:2      | Reached skill level 1 in Ranged Weapons
  2322 | D:3      | Reached XP level 5. HP: 13/37 MP: 5/5
  2642 | D:3      | Found a radiant altar of Vehumet.
  2727 | D:3      | Found a burning altar of Makhleb.
  2847 | D:3      | Reached skill level 4 in Fighting
  3140 | D:4      | Reached XP level 6. HP: 43/43 MP: 6/6
  3159 | D:4      | Found Joralacu's Assorted Antiques.
  3180 | D:4      | HP: 2/43 [poisoned by a scorpion]
  3183 | D:4      | Succumbed to a scorpion's poison

Illustrated notes

Levels and vault maps discovered:
D:1:      mrwooster_arrival_statue_2, layout_loops_ring,
          shapermc_ecumenical_altar_hornbeckon
D:2:      layout_basic, corexii_corridor_pit, minmay_circle_x
D:3:      layout_basic, lemuel_doored_altar, fiery_altar_vehumet
D:4:      layout_loops_ring, serial_shops, nicolae_shop_overgrown_old_shop,
          minmay_joined_circles

Skill      XL: |  1  2  3  4  5 |
---------------+----------------+-----
Stealth        | 1 2 |  2.5
Ranged Weapons | 1 2 |  2.4
Fighting       | 4 |  4.0
Short Blades   | |  2.5
Polearms       | |  0.3
Dodging        | |  3.9
Shields        | |  3.5

Action                     |  1- 3 |  4- 6 || total
---------------------------+-------+-------++-------
  Melee: Rapier            |    43 |    58 ||   101
         Constrict         |    12 |    18 ||    30
         Tentacles         |     6 |    16 ||    22
         Punch             |     1 |     1 ||     2
         Spear             |    13 |       ||    13
   Fire: Sling             |    15 |    50 ||    65
  Throw: Stone             |     4 |       ||     4
   Stab: Sleeping          |     6 |     3 ||     9
 Armour: Skin              |    32 |    31 ||    63
  Dodge: Dodged            |    34 |    50 ||    84
  Block: Buckler           |    15 |    11 ||    26

Table legend: (Time is in decaauts)
 A = Elapsed time spent in this place.
 B = Non-inter-level travel time spent in this place.
 C = Inter-level travel time spent in this place.
 D = Time resting spent in this place.
 E = Time spent auto-exploring this place.
 F = Levels seen in this place.
 G = Mean time per level.
                   A        B        C        D        E       F      G
               +--------+--------+--------+--------+--------+-----+--------+
         Total |   3219 |   3049 |    170 |     89 |   2461 |   4 |  804.8 |
       Dungeon |   3219 |   3049 |    170 |     89 |   2461 |   4 |  804.8 |
               +--------+--------+--------+--------+--------+-----+--------+

Top non-repeatable levels by time:
     D:2: 1271 daAuts
     D:3: 920 daAuts
     D:1: 906 daAuts
     D:4: 121 daAuts
